 Dungeon Crawl Stone Soup version 0.19.1-1-g22dce08 (console) character file.

21 CryptoCactus the Skirmisher (level 2, 0/26 HPs)
             Began as a Ghoul Fighter on Jan 1, 2017.
             Slain by a jackal (3 damage)
             ... on level 1 of the Dungeon.
             The game lasted 00:01:01 (380 turns).

CryptoCactus the Skirmisher (Ghoul Fighter)          Turns: 380, Time: 00:01:02

Health: 0/26       AC:  6    Str: 19    XL:     2   Next: 87%
Magic:  1/1        EV:  7    Int:  3    God:
Gold:   54         SH:  8    Dex:  8    Spells: 0 memorised, 1 level left

rFire  . . .     SeeInvis .     a - +0 flail
rCold  + . .     Gourm    .     b - +0 scale mail
rNeg   + + +     Faith    .     c - +0 shield
rPois  ∞         Spirit   .     (no helmet)
rElec  .         Reflect  .     (no cloak)
rCorr  .         Harm     .     (no gloves)
MR     .....                    (no boots)
Stlth  ..........               (no amulet)
                                (no ring)
                                (no ring)

@: rotting
A: rotting body, claws 1, carnivore 3, cold resistance 1, negative energy
resistance 3, slow regeneration 1, torment resistance, unbreathing
a: no special abilities


You were on level 1 of the Dungeon.
You were not hungry.

You visited 1 branch of the dungeon, and saw 1 of its levels.

You collected 54 gold pieces.

Inventory:

Hand Weapons
 a - a +0 flail (weapon)
Armour
 b - a +0 scale mail (worn)
 c - a +0 shield (worn)
Jewellery
 h - a cursed amulet of inaccuracy {unknown}
 i - an uncursed amulet of rage {unknown}
Scrolls
 e - a scroll of remove curse {unknown}
 j - a scroll of teleportation {unknown}
 k - a scroll of identify {unknown}
Potions
 d - 2 potions of might
 l - a potion of invisibility {unknown}
 m - a potion of cure mutation {unknown}
Comestibles
 f - 2 meat rations
 g - 4 chunks of flesh


   Skills:
 - Level 3.2 Fighting
 + Level 2.4 Maces & Flails
 - Level 2.6 Armour
 + Level 3.2 Shields


You had one spell level left.
You didn't know any spells.

Dungeon Overview and Level Annotations

Branches:
Dungeon (1/15)

Altars:


Innate Abilities, Weirdness & Mutations

Your body is rotting away.
You thrive on raw meat.
You are immune to poison.
You have sharp fingernails.
You are carnivorous and can eat meat at any time.
Your flesh is cold resistant. (rC+)
You are immune to negative energy. (rN+++)
You regenerate slowly when monsters are visible.
You are immune to unholy pain and torment.
You can survive without breathing.


Message History

You are too injured to fight recklessly!
You are too injured to fight recklessly!
You are too injured to fight recklessly!
Your scale mail prevents you from hitting the jackal.
The jackal bites you but does no damage.
You block the jackal's attack. x2; The jackal closely misses you.
You miss the jackal. You block the jackal's attack.
The jackal bites you but does no damage.
The jackal bites you.
* * * LOW HITPOINT WARNING * * *
The jackal bites you but does no damage.
The jackal bites you but does no damage.
There is an open door here.
There is a stone staircase leading down here.
The jackal bites you.
* * * LOW HITPOINT WARNING * * *
You hit the jackal.
The jackal is severely wounded.
The jackal barely misses you. The jackal bites you.
You die...

.#
#.....#..#.#........#######.#
'###########.#.########.# #.#
.....# #.#.# #.# #.# .....#
#...# #.# #.# .....## ##..#
#.#######.# ......# #..#
#.........# ......# #..#
########### ...)..# ##.h###
.....## #.ghh@#
.....#######'#####
.....##.......#########
....###.......#.......#
.....##....)g.#.......#
.....#........#..(....#
####.#........#†......# ##
.#........†........ ..
.#........########.


You could see 3 jackals and a hobgoblin.

Vanquished Creatures
  An ooze (D:1)
  A dart slug (D:1)
  A leopard gecko (D:1)
  A giant cockroach (D:1)
  2 goblins (D:1)
  A hobgoblin (D:1)
  3 jackals (D:1)
  A kobold (D:1)
  2 rats (D:1)
13 creatures vanquished.

Notes
Turn   | Place    | Note
-------+----------+-------------------------------------------
     0 | D:1      | CryptoCactus the Ghoul Fighter began the quest for the Orb.
     0 | D:1      | Reached XP level 1. HP: 19/19 MP: 0/0
   243 | D:1      | Reached XP level 2. HP: 23/26 MP: 1/1
   380 | D:1      | Slain by a jackal

Skill      XL: |  1  2 |
---------------+-------+-----
Maces & Flails | 2 |  2.4
Shields        | 3 |  3.2
Fighting       | |  3.2
Armour         | |  2.6

Action                   || total
-------------------------++-------
Melee: Flail             ||    53
  Eat: Chunk             ||     1
Armor: Scale mail        ||    44
Dodge: Dodged            ||    25
Block: Shield            ||    45
